 Dungeon Crawl Stone Soup version 0.30-a0-475-g03497ec522 (webtiles) character file.

Game seed: 1506365106296205985

52145 arthad the Geomancer (level 14, 0/84 HPs)
             Began as a Gargoyle Earth Elementalist on Dec 20, 2022.
             Was a High Priest of Vehumet.
             Slain by a tengu warrior
             ... wielding a +0 battleaxe
              (1 damage)
             ... on level 15 of the Dungeon on Dec 21, 2022.
             The game lasted 01:23:56 (16917 turns).

arthad the Geomancer (Gargoyle Earth Elementalist) Turns: 16917, Time: 01:23:57

Health: 0/84       AC: 24    Str: 19    XL:     14   Next: 62%
Magic:  0/27       EV: 13    Int: 21    God:    Vehumet [*****.]
Gold:   955        SH:  5    Dex: 10    Spells: 0/32 levels left

rFire   + . .      SeeInvis .    V - staff of earth
rCold   . . .      Faith    .    v - orb {light}
rNeg    + . .      Spirit   .    e - +0 acid dragon scales
rPois   ∞          Reflect  +    C - +2 helmet of the Dolphin {Str+4}
rElec   +          Harm     .    g - scarf {repulsion}
rCorr   +          Rampage  .    u - +0 pair of gloves
Will    +....                    B - +0 pair of boots of Discretion {Regen+ Str+3}
Stlth   +.........               R - amulet of reflection
HPRegen 1.14/turn                U - ring of wizardry
MPRegen 0.20/turn                O - ring of protection from fire

@: flying, glowing, repel missiles
A: sickness immunity, AC +10, big wings, negative energy resistance 1,
electricity resistance, torment resistance 1, petrification resistance
a: Renounce Religion


You were on level 15 of the Dungeon.
You worshipped Vehumet.
Vehumet was extremely pleased with you.
You visited 1 branch of the dungeon, and saw 15 of its levels.

You collected 1095 gold pieces.
You spent 140 gold pieces at shops.

Inventory:

Hand Weapons
 A - the +2 trident of Ravage {vorpal, Str+6}
   (You took it off a kobold on level 4 of the Dungeon)

   It inflicts extra damage upon your enemies.
   Str:       It affects your strength (+6).
 H - the +6 hammer of Hard Scrabble {vorpal, rCorr Dex+5}
   (You found it on level 5 of the Dungeon)

   It inflicts extra damage upon your enemies.
   Dex:       It affects your dexterity (+5).
   rCorr:     It protects you from acid and corrosion.
 X - a +4 executioner's axe of flaming
Missiles
 q - 20 poisoned darts
 P - 8 curare-tipped darts
Armour
 e - +0 acid dragon scales (worn)
 g - a scarf of repulsion (worn)
 u - a +0 pair of gloves (worn)
 v - an orb of light (worn)
 x - a +0 kite shield
 B - the +0 pair of boots of Discretion (worn) {Regen+ Str+3}
   (You found it on level 4 of the Dungeon)

   Str:       It affects your strength (+3).
   Regen:     It increases your rate of health regeneration.
 C - the +2 helmet of the Dolphin (worn) {Str+4}
   (You found it on level 15 of the Dungeon)

   Str:       It affects your strength (+4).
 D - +2 pearl dragon scales
Magical Staves
 J - a staff of poison
 S - a staff of fire
 T - a staff of death
 V - a staff of earth (weapon)
Jewellery
 c - a ring of positive energy
 L - a ring of ice
 N - a ring of protection from cold
 O - a ring of protection from fire (right hand)
 R - an amulet of reflection (around neck)
 U - a ring of wizardry (left hand)
 Y - a +6 ring of strength
 Z - a +6 ring of dexterity
Wands
 d - a wand of charming (11)
 n - a wand of iceblast (19)
 s - a wand of polymorph (15)
 w - a wand of flame (12)
 I - a wand of mindburst (5)
 K - a wand of light (10)
Scrolls
 f - 2 scrolls of poison
 l - 2 scrolls of blinking
 o - 3 scrolls of teleportation
 p - 3 scrolls of enchant armour
 r - 3 scrolls of vulnerability
 y - a scroll of amnesia
 E - a scroll of magic mapping
 F - 3 scrolls of identify
 M - 3 scrolls of immolation
 W - a scroll of fear
Potions
 a - 6 potions of attraction
 b - a potion of magic
 h - 4 potions of mutation
 i - 2 potions of cancellation
 j - 2 potions of berserk rage
 k - 9 potions of curing
 m - 3 potions of haste
 t - 5 potions of flight
 z - 4 potions of heal wounds
 G - 2 potions of lignification
 Q - 2 potions of resistance


   Skills:
 + Level 8.1 Fighting
 + Level 4.9 Axes
 + Level 8.1 Armour
 + Level 6.4 Dodging
 - Level 2.8 Stealth
 * Level 9.9 Spellcasting
 * Level 11.4 Conjurations
 + Level 6.1 Transmutations
 * Level 13.0 Earth Magic
 + Level 4.7 Poison Magic
 - Level 6.2 Evocations


You couldn't memorise any spells.
You knew the following spells:

 Your Spells              Type           Power      Damage    Failure   Level
a - Sandblast             Erth           100%       2d20      1%          1
b - Stone Arrow           Conj/Erth      100%       3d13      1%          3
c - Petrify               Tmut/Erth      66%        N/A       1%          4
d - Hailstorm             Conj/Ice       34%        3d9       1%          3
e - Lee's Rapid Deconstr  Erth           39%        3d19*     1%          5
f - Iskenderun's Mystic   Conj/Tloc      34%        2d8       1%          4
g - Olgreb's Toxic Radia  Pois           30%        N/A       1%          4
h - Fireball              Conj/Fire      17%        3d9       2%          5
i - Mephitic Cloud        Conj/Pois/Air  33%        N/A       1%          3

Your spell library contained the following spells:

 Spells                   Type           Power      Damage    Failure   Level
 Magic Dart               Conj           100%       1d8       1%          1
 Passwall                 Tmut/Erth      55%        N/A       1%          2
 Leda's Liquefaction      Hex/Erth       27%        N/A       2%          4
 Call Imp                 Summ           10%        N/A       5%          2
 Yara's Violent Unravell  Hex/Tmut       11%        3d6       8%          5
 Enfeeble                 Hex            5%         N/A       100%        7
 Statue Form              Tmut/Erth      Unusable   N/A       N/A         6

Dungeon Overview and Level Annotations

Branches:
Dungeon (15/15)            Temple (0/1) D:5            Lair (0/5) D:11
    Orc (0/2) D:11         Vaults (0/5) D:14
 Depths: D:15

Altars:
Ashenzari
Cheibriados
Dithmenos
Elyvilon
Fedhas
Gozag
Hepliaklqana
Kikubaaqudgha
Makhleb
Qazlal
Ru
Uskayaw
Vehumet
Wu Jian
Xom
Yredelemnul

Shops:
D:10 *   D:13 (

Annotations:
D:10 3 runed translucent doors, MrSquiggles's ghost, journeyman TrFi
D:15 2 transporters, exclusion: obsidian statue, Jumeycle's ghost, journeyman GrEE; Nessos


Innate Abilities, Weirdness & Mutations

You are immune to sickness and miasma.
Your stone body is resilient. (AC +10)
You are immune to poison.
Your large and strong wings let you fly.
You resist negative energy. (rN+)
You are resistant to electric shocks. (rElec)
You are resistant to unholy torment.
You are immune to petrification.


Message History

Press: ? - help, Shift-Dir - straight line, f - tengu warrior, p - Nessos
Aim: a tengu warrior, wielding a +0 battleaxe and wearing a +0 ring mail (heavily wounded, very poisoned, haloed, chance to affect: 47%)
The tengu warrior resists with some effort.
Nessos shoots an arrow.
The arrow hits you!
Unknown command.
Unknown command.
Casting: Fireball (dangerous; 2% risk of failure)
Confirm with . or Enter, or press ? or * to list all spells.
You don't have enough magic to cast this spell.
Casting: Fireball (dangerous; 2% risk of failure)
Confirm with . or Enter, or press ? or * to list all spells.
Aiming: Sandblast (safe; 1% risk of failure)
Press: ? - help, Shift-Dir - straight line, f/p - tengu warrior
Aim: a tengu warrior, wielding a +0 battleaxe and wearing a +0 ring mail (heavily wounded, very poisoned, haloed, 79% to hit)
You feel a surge of power!
The blast of sand hits the tengu warrior!
The tengu warrior is severely wounded.
Nessos shoots an arrow.
You reflect the arrow off an invisible shield around you!
The arrow hits Nessos!
The arrow burns Nessos.
Nessos looks even sicker.
Nessos shoots an arrow.
The arrow hits you but does no damage. The tengu warrior closely misses you.
The tengu warrior pecks you but does no damage.
You block the tengu warrior's attack.
Nessos gestures wildly while chanting.
Nessos blinks!
The tengu warrior hits you but does no damage.
The tengu warrior barely misses you.
The tengu warrior claws you but does no damage.
You hit the tengu warrior but do no damage.
The tengu warrior is heavily wounded.
Nessos shoots an arrow.
You reflect the arrow off an invisible shield around you!
The arrow barely misses Nessos.
Nessos shoots an arrow.
The arrow hits you!! The arrow burns you.
Nessos shoots an arrow.
The arrow hits you!
* * * LOW HITPOINT WARNING * * *
The tengu warrior hits you with a +0 battleaxe!
* * * LOW HITPOINT WARNING * * *
You block the tengu warrior's attack. The tengu warrior claws you.
You die...

.... #.. ####.... ..
... # .......##.
)#)# ##.. #.......
.)... ....
#......##)...# ..©.
?# #......#....# ##
..# #.....Q.....##
#..# #.....@.#.#..#
#..##...........c#
.##..........#.#..#
..~
.8##...[.......§..#
$##
.#..##.......#.#.#.#
##
#....##......#.#.# #
# .##.~#c#......#..
. W
..#~.#©#..#######. #
[ :##.~#.#..##### .#


You could see Nessos (fast, very poisoned), a tengu warrior (poisoned) and a
yaktaur.

Vanquished Creatures
  A tengu reaver (D:13)
  An orc warlord (D:14)
  A very ugly thing (D:14)
  Josephine (D:13)
  An entropy weaver (shapeshifter) (D:15)
  A yaktaur captain (D:13)
  2 hydras
  2 catoblepae (D:14)
  Fannar (D:10)
  7 centaur warriors
  3 two-headed ogres
  2 death knights (D:13)
  2 dancing weapons
  2 boulder beetles
  3 tengu warriors
  A deep elf knight (D:14)
  3 skeletal warriors (D:14)
  A deep elf archer (D:14)
  3 deep elf pyromancers
  A wolf spider (shapeshifter) (D:14)
  11 ugly things
  A salamander (shapeshifter) (D:13)
  4 manticores
  4 cyclopes
  A guardian serpent (shapeshifter) (D:13)
  Maurice (D:13)
  A gargoyle (D:12)
  A kobold demonologist (D:12)
  4 yaktaurs (D:15)
  3 komodo dragons
  A freezing wraith (D:13)
  3 tengu conjurers
  An efreet (D:13)
  4 trolls
  14 slime creatures
  A slime creature (shapeshifter) (D:14)
  2 centaur simulacra (D:14)
  A spriggan (shapeshifter) (D:14)
  3 shadows
  3 water elementals (D:13)
  7 wraiths
  29 yaks
  Eustachio (D:6)
  2 wyverns
  Grum (D:11)
  7 vampire mosquitoes
  Menkaure (D:6)
  3 acid dragons
  2 water moccasins (D:9)
  3 orc warriors
  3 ice beasts
  A black bear (D:5)
  6 centaurs
  4 ogres
  4 boggarts (D:15)
  3 wolves (D:11)
  4 kobold brigands
  A phantom (D:5)
  Blork the orc (D:6)
  3 bullfrogs
  2 gnoll sergeants
  7 scorpions
  16 killer bees
  A howler monkey (D:12)
  2 electric eels (D:13)
  A crimson imp (D:9)
  A jelly (D:8)
  3 hounds
  Crazy Yiuf (D:5)
  8 orc priests
  2 iguanas
  Ijyb (D:3)
  13 orc wizards
  Natasha (twice) (D:2)
  Robin (D:4)
  10 adders
  15 gnolls
  2 shadow imps (D:6)
  3 ufetubi
  A worm (D:2)
  4 dart slugs
  28 orcs
  7 bats
  4 endoplasms
  A giant cockroach (D:4)
  15 goblins
  9 hobgoblins
  7 jackals
  2 quokkas (D:1)
  6 ball pythons
  7 frilled lizards
  24 kobolds
  4 rats
399 creatures vanquished.

Vanquished Creatures (others)
  6 fungi (D:11)
  6 plants (D:11)
12 creatures vanquished.

Grand Total: 411 creatures vanquished

Notes
Turn   | Place    | Note
-------+----------+-------------------------------------------
     0 | D:1      | arthad the Gargoyle Earth Elementalist began the quest for
                  | the Orb.
     0 | D:1      | Reached XP level 1. HP: 10/10 MP: 3/3
   168 | D:1      | Reached XP level 2. HP: 15/15 MP: 3/5
   282 | D:1      | Reached skill level 4 in Earth Magic
   328 | D:1      | Reached skill level 1 in Conjurations
   331 | D:1      | Reached XP level 3. HP: 20/20 MP: 0/6
   841 | D:2      | Reached skill level 1 in Transmutations
   905 | D:2      | Reached skill level 1 in Fighting
   909 | D:2      | Reached XP level 4. HP: 16/25 MP: 0/7
   950 | D:2      | Reached skill level 1 in Armour
  1298 | D:2      | Noticed Natasha
  1301 | D:2      | Killed Natasha
  1302 | D:2      | Reached XP level 5. HP: 29/29 MP: 5/8
  1665 | D:2      | Noticed Natasha
  1672 | D:2      | Killed Natasha
  1796 | D:3      | Found a hazy altar of Hepliaklqana.
  1796 | D:3      | Found a snail-covered altar of Cheibriados.
  1798 | D:3      | Found a blossoming altar of Fedhas.
  1930 | D:3      | Found an ornate altar of the Wu Jian Council.
  2153 | D:3      | Found a radiant altar of Vehumet.
  2159 | D:3      | Became a worshipper of Vehumet
  2271 | D:3      | Noticed Ijyb
  2300 | D:3      | Killed Ijyb
  2395 | D:3      | Found an opulent altar of Gozag.
  2797 | D:4      | Reached XP level 6. HP: 34/34 MP: 7/10
  2829 | D:4      | Reached skill level 5 in Earth Magic
  2833 | D:4      | Learned a level 3 spell: Stone Arrow
  3109 | D:4      | Identified the +2 trident of Ravage {vorpal, Str+6}
  3245 | D:4      | Identified the +0 pair of boots of Discretion {Regen+
                  | Str+3}
  3315 | D:4      | Noticed Robin
  3320 | D:4      | Reached * piety under Vehumet
  3320 | D:4      | Offered knowledge of Magic Dart by Vehumet.
  3328 | D:4      | Killed Robin
  3429 | D:4      | Reached XP level 7. HP: 40/40 MP: 8/11
  3841 | D:5      | Entered Level 5 of the Dungeon
  3900 | D:5      | Reached skill level 1 in Evocations
  4126 | D:5      | Reached XP level 8. HP: 45/45 MP: 11/13
  4149 | D:5      | Reached skill level 6 in Earth Magic
  4160 | D:5      | Identified the +9 whip "Emukel" {vorpal, Fly rN+ MP-9}
  4546 | D:5      | Found a staircase to the Ecumenical Temple.
  4613 | D:5      | Identified the +6 hammer of Hard Scrabble {vorpal, rCorr
                  | Dex+5}
  4617 | D:5      | Found a runed translucent door.
  4618 | D:5      | Noticed Crazy Yiuf
  4745 | D:5      | Killed Crazy Yiuf
  4745 | D:5      | Offered knowledge of Kiss of Death by Vehumet.
  4869 | D:6      | Learned a level 4 spell: Petrify
  4916 | D:6      | Reached ** piety under Vehumet
  5068 | D:6      | Noticed Menkaure
  5072 | D:6      | Killed Menkaure
  5167 | D:6      | Noticed Blork the orc
  5200 | D:6      | Killed Blork the orc
  5201 | D:6      | Reached XP level 9. HP: 33/51 MP: 5/16
  5363 | D:6      | Reached skill level 7 in Earth Magic
  5488 | D:6      | Noticed Eustachio
  5495 | D:6      | Killed Eustachio
  5496 | D:6      | Reached skill level 5 in Conjurations
  5998 | D:6      | Reached skill level 5 in Spellcasting
  6165 | D:7      | Found a white marble altar of Elyvilon.
  6169 | D:7      | Offered knowledge of Hailstorm by Vehumet.
  6482 | D:7      | Found a sacrificial altar of Ru.
  6662 | D:7      | Learned a level 3 spell: Hailstorm
  6812 | D:7      | You fall into a shaft and drop 3 floors!
  6812 | D:10     | Entered Level 10 of the Dungeon
  7293 | D:8      | Reached *** piety under Vehumet
  7386 | D:8      | Reached skill level 8 in Earth Magic
  7386 | D:8      | Reached XP level 10. HP: 49/58 MP: 4/18
  7742 | D:8      | Found a hide-covered altar of Uskayaw.
  7745 | D:8      | Found a stormy altar of Qazlal.
  7749 | D:8      | Found a shadowy altar of Dithmenos.
  7757 | D:8      | Found a basalt altar of Yredelemnul.
  7770 | D:8      | Found an ancient bone altar of Kikubaaqudgha.
  8073 | D:8      | Offered knowledge of Iskenderun's Mystic Blast by Vehumet.
  8084 | D:8      | Learned a level 5 spell: Lee's Rapid Deconstruction
  8089 | D:8      | Learned a level 4 spell: Iskenderun's Mystic Blast
  8412 | D:9      | Reached skill level 5 in Fighting
  8412 | D:9      | Reached skill level 5 in Armour
  8529 | D:9      | Reached **** piety under Vehumet
  8685 | D:9      | Found a burning altar of Makhleb.
  8688 | D:9      | Found a shimmering altar of Xom.
  8732 | D:10     | Found Guumue's Mass Market.
  8738 | D:10     | Bought a +0 executioner's axe for 140 gold pieces
  8757 | D:10     | Noticed a two-headed ogre
  8761 | D:10     | Killed a two-headed ogre
  8762 | D:10     | Reached skill level 9 in Earth Magic
  8854 | D:10     | Reached XP level 11. HP: 64/64 MP: 16/20
  9044 | D:10     | Found a runed translucent gate.
  9045 | D:10     | Found a runed translucent gate.
  9046 | D:10     | Found a runed translucent gate.
  9047 | D:10     | Noticed MrSquiggles's ghost (journeyman TrFi)
  9151 | D:10     | Reached skill level 1 in Axes
  9443 | D:10     | Offered knowledge of Olgreb's Toxic Radiance by Vehumet.
  9451 | D:10     | Noticed Fannar
  9459 | D:10     | Killed Fannar
 10081 | D:11     | Noticed a two-headed ogre
 10085 | D:11     | Killed a two-headed ogre
 10246 | D:11     | Found a staircase to the Orcish Mines.
 10287 | D:11     | Noticed Grum
 10303 | D:11     | Killed Grum
 10450 | D:11     | Reached skill level 10 in Earth Magic
 10791 | D:11     | Learned a level 4 spell: Olgreb's Toxic Radiance
 10823 | D:11     | Found a staircase to the Lair.
 11134 | D:12     | Noticed a deep elf pyromancer
 11147 | D:12     | Killed a deep elf pyromancer
 11263 | D:12     | Reached XP level 12. HP: 59/70 MP: 19/23
 11277 | D:12     | Reached skill level 1 in Poison Magic
 11280 | D:12     | Reached skill level 5 in Dodging
 11989 | D:13     | Noticed an eight-headed hydra
 11998 | D:13     | Killed an eight-headed hydra
 11999 | D:13     | Reached skill level 5 in Transmutations
 11999 | D:13     | Reached skill level 5 in Evocations
 12350 | D:13     | Reached skill level 11 in Earth Magic
 12365 | D:13     | Noticed a tengu warrior
 12370 | D:13     | Killed a tengu warrior
 12381 | D:13     | Reached ***** piety under Vehumet
 12441 | D:13     | Noticed Josephine
 12446 | D:13     | Killed Josephine
 12454 | D:13     | Offered knowledge of Fireball by Vehumet.
 12566 | D:13     | Noticed a centaur warrior
 12569 | D:13     | Killed a centaur warrior
 12705 | D:13     | Reached XP level 13. HP: 43/76 MP: 16/25
 12795 | D:13     | Noticed Maurice
 12804 | D:13     | Killed Maurice
 12981 | D:13     | Found Ciled Affo's Antique Weapon Boutique.
 13320 | D:13     | Noticed a yaktaur captain
 13320 | D:13     | Noticed a tengu reaver
 13334 | D:13     | Killed a yaktaur captain
 13334 | D:13     | Killed a tengu reaver
 13335 | D:13     | Reached skill level 10 in Conjurations
 13347 | D:13     | Identified the +1 robe of Miziucewn {rPois rCorr}
 13978 | D:13     | Identified the +0 leather armour "Ohein" {Int+4 Dex+7}
 14326 | D:13     | Upgraded the game from 0.30-a0-469-g84de5afbc5 to
                  | 0.30-a0-475-g03497ec522
 14472 | D:13     | Reached skill level 12 in Earth Magic
 14594 | D:13     | Learned a level 5 spell: Fireball
 14679 | D:14     | Found a broken altar of Ashenzari.
 14914 | D:14     | Noticed a red very ugly thing
 14923 | D:14     | Killed a red very ugly thing
 15151 | D:14     | Gained mutation: Your large and strong wings let you fly.
                  | [Gargoyle growth]
 15151 | D:14     | Reached XP level 14. HP: 70/83 MP: 24/27
 15471 | D:14     | Found a gate to the Vaults.
 15774 | D:14     | Noticed an orc warlord
 15797 | D:14     | Killed an orc warlord
 16205 | D:15     | Entered Level 15 of the Dungeon
 16220 | D:15     | Learned a level 3 spell: Mephitic Cloud
 16445 | D:15     | Noticed Nessos
 16543 | D:15     | Noticed Jumeycle's ghost (journeyman GrEE)
 16554 | D:15     | Found a transporter.
 16563 | D:15     | Identified the +2 helmet of the Dolphin {Str+4}
 16759 | D:15     | Reached skill level 13 in Earth Magic
 16859 | D:15     | Found a transporter.
 16917 | D:15     | HP: 1/84 [tengu warrior/+0 battleaxe (8)]
 16917 | D:15     | Slain by a tengu warrior

Illustrated notes

Levels and vault maps discovered:
D:1:      kennysheep_arrival_forest, layout_rooms
D:2:      layout_basic, uniq_natasha
D:3:      layout_loops_cross, nicolae_vehumet_altar_sigil,
          nicolae_overflow_quartered_altars, grunt_gozag_breadcrumbs, uniq_ijyb
D:4:      layout_basic, minmay_misc_feat_chi,
          amcnicky_mini_rare_corridor_liquid, uniq_robin
D:5:      layout_rooms, minmay_temple_entry_water_ring, uniq_crazy_yiuf_cottage
D:6:      layout_basic, uniq_menkaure, uniq_eustachio, uniq_blork_the_orc
D:7:      layout_loops_ring, nicolae_ru_awakened_eye, elyvilon_altar_1
D:8:      layout_basic, minmay_overflow_temple_star_hex
D:9:      layout_rooms, grunt_temple_overflow_champion_of_chaos
D:10:     layout_stronghold, serial_column_ruins, column_ruins_columns_straight,
          column_ruins_columns_water, column_ruins_open_small,
          column_ruins_columns_corner, column_ruins_columns_straight,
          gammafunk_ghost_spectres, minmay_shop_mass, grunt_decor_cap,
          uniq_fannar
D:11:     layout_small_grid, grunt_lair_entry_orc_guard_hut, orc_0_dummy,
          minmay_holes, uniq_grum
D:12:     layout_roguey
D:13:     minmay_outward_triangles, layout_basic, serial_shops,
          kennysheep_little_box, dk_noncrumbling_2, uniq_josephine, uniq_maurice
D:14:     kennysheep_green_arena, layout_cave_pools, erik_vaults_1,
          ashenzari_altar_1, small_chamber_with_monster, minivault_21
D:15:     grunt_enter_depths_hoard, layout_basic, nzn_ghost_randoct,
          serial_glass, glass_columns_b, glass_columns_a, glass_columns_c,
          glass_columns_a, glass_columns_a, glass_columns_b, glass_columns_a,
          glass_columns_a, glass_columns_a, glass_columns_a, glass_columns_a,
          glass_columns_b, glass_columns_a, glass_columns_c,
          chequers_serial_rivers_small_3, uniq_nessos

Skill      XL: |  1  2  3  4  5  6  7  8  9 10 11 12 13 14 |
---------------+-------------------------------------------+-----
Earth Magic    | 4 5 6 8 9 10 11 12 13 | 13.0
Conjurations   | 1 2 3 4 6 7 8 9 10 11 | 11.4
Transmutations | 1 2 3 4 5 6 |  6.1
Fighting       | 1 2 3 4 5 6 7 8 |  8.1
Armour         | 1 2 3 4 5 6 7 8 |  8.1
Dodging        | 2 3 4 5 6 |  6.4
Spellcasting   | 3 4 5 6 7 8 9 |  9.9
Evocations     | 1 2 3 4 5 6 |  6.2
Axes           | 2 3 4 |  4.9
Poison Magic   | 2 4 |  4.7
Stealth        | |  2.8

Action                   |  1- 3 |  4- 6 |  7- 9 | 10-12 | 13-15 || total
-------------------------+-------+-------+-------+-------+-------++-------
Melee: Dagger            |    14 |     6 |       |       |       ||    20
       Whip              |       |     5 |       |       |       ||     5
       Trident           |       |     4 |       |    37 |     1 ||    42
       Mace              |       |       |       |       |     9 ||     9
       Staff             |       |       |       |       |     1 ||     1
 Cast: Sandblast         |    46 |   102 |   128 |   260 |   107 ||   643
       Stone Arrow       |       |       |    45 |   100 |   108 ||   253
       Iskenderun's Myst |       |       |       |     2 |     3 ||     5
       Lee's Rapid Decon |       |       |       |    11 |    51 ||    62
       Petrify           |       |       |       |     1 |     2 ||     3
       Hailstorm         |       |       |       |       |     2 ||     2
       Mephitic Cloud    |       |       |       |       |     3 ||     3
       Olgreb's Toxic Ra |       |       |       |       |     2 ||     2
       Fireball          |       |       |       |       |     1 ||     1
Evoke: Wand              |       |     1 |     2 |       |     4 ||     7
  Use: Potion            |       |     1 |     1 |       |     3 ||     5
       Scroll            |       |     1 |     4 |    19 |     7 ||    31
Armor: Robe              |    17 |    32 |    50 |    38 |       ||   137
       Acid dragon scale |       |       |       |   124 |    97 ||   221
Dodge: Dodged            |    35 |    45 |    74 |   187 |   140 ||   481
       Repelled          |       |       |       |       |     4 ||     4
Block: Orb               |       |       |     4 |    76 |    56 ||   136
       Reflection        |       |       |     1 |     2 |    11 ||    14

Table legend: (Time is in decaauts)
 A = Elapsed time spent in this place.
 B = Non-inter-level travel time spent in this place.
 C = Inter-level travel time spent in this place.
 D = Time resting spent in this place.
 E = Time spent auto-exploring this place.
 F = Levels seen in this place.
 G = Mean time per level.
                   A        B        C        D        E       F      G
               +--------+--------+--------+--------+--------+-----+--------+
         Total |  17288 |  16832 |    456 |   2642 |  11148 |  15 | 1152.5 |
       Dungeon |  17288 |  16832 |    456 |   2642 |  11148 |  15 | 1152.5 |
               +--------+--------+--------+--------+--------+-----+--------+

Top non-repeatable levels by time:
    D:13: 2702 daAuts
    D:14: 1546 daAuts
    D:10: 1354 daAuts
     D:6: 1239 daAuts
     D:2: 1158 daAuts
    D:11: 1082 daAuts
     D:4: 1073 daAuts
     D:5: 1020 daAuts
     D:7: 1019 daAuts
     D:8: 1001 daAuts
    D:12: 1000 daAuts
     D:3: 944 daAuts
     D:1: 747 daAuts
    D:15: 714 daAuts
     D:9: 682 daAuts
